AoeStats
← NDF

MegaRandom

506267960Analyzed
2v2 RM · 18d ago on Sep 13, 2026· 57m 31s· 4 players
Game mode
Random Map
Map size
Medium (4 player)
Population
200
Speed
Normal
Resources
Standard
Victory
Conquest
Starting age
Dark Age
Ending age
Imperial Age
RankedLock teamsTeams togetherTeam positionsShared explorationLock speedFull tech treeHidden civsTurbo modeCheats
Victory
Defeat
🇨🇦 Cumans · Canada
778
+16
🇹🇷 Huns · Türkiye
757
+16
🇦🇷 Teutons · Argentina
775
-16
🇦🇷 Spanish · Argentina
773
-16
AKANZİ
0:52 Loom
13:53 Feudal Age
17:58 Double-Bit Axe
17:58 Horse Collar
23:50 Castle Age
22:51 Stone Mining
22:51 Gold Mining
23:53 Forging
23:43 Scale Mail Armor
23:47 Padded Archer Armor
44:21 Scale Barding Armor
44:32 Chain Mail Armor
44:52 Iron Casting
44:08 Fletching
44:33 Leather Archer Armor
49:57 Imperial Age
48:49 Ballistics
52:43 Chemistry
51:18 Heavy Cavalry Archer
52:23 Parthian Tactics
53:00 Chain Barding Armor
52:55 Leather Archer Armor
52:36 Bodkin Arrow
53:41 Blast Furnace
53:43 Masonry
53:28 Murder Holes
53:44 Clinker Construction
53:44 Careening
55:36 Conscription
54:46 Sappers
54:37 Elite Tarkan
aelenon
12:27 Feudal Age
16:56 Castle Age
15:11 Double-Bit Axe
15:22 Horse Collar
21:29 Fervor
26:33 Wheelbarrow
29:15 Hand Cart
30:16 Town Watch
31:44 Bloodlines
32:02 Forging
38:30 Imperial Age
38:06 Steppe Husbandry
37:41 Light Cavalry
43:31 Cuman Mercenaries
50:52 Fletching
51:03 Elite Kipchak
53:28 Conscription
NDF
10:03 Loom
11:51 Feudal Age
18:31 Castle Age
16:39 Horse Collar
17:21 Stone Mining
17:25 Double-Bit Axe
17:50 Gold Mining
18:35 Forging
18:26 Padded Archer Armor
19:04 Fletching
21:44 Crossbowman
23:02 Bow Saw
26:24 Iron Casting
26:05 Leather Archer Armor
26:12 Arson
26:28 Squires
28:46 Stone Shaft Mining
28:15 Scale Mail Armor
36:06 Wheelbarrow
41:57 Chain Mail Armor
45:43 Imperial Age
43:21 Pikeman
48:03 Two-Man Saw
47:07 Heavy Plow
48:29 Elite Skirmisher
50:47 Ironclad
54:21 Halberdier
55:20 Redemption
55:11 Devotion
56:03 Plate Mail Armor
55:40 Scale Barding Armor
estebanpa
7:25 Loom
11:19 Feudal Age
12:07 Double-Bit Axe
12:02 Man-at-Arms
15:07 Bloodlines
23:24 Castle Age
21:26 Horse Collar
21:48 Gold Mining
Connection lost

Rejoining the realm…

Still unreachable

The connection could not be restored.

Session expired

The server has moved on; the page needs a fresh start.